Map: Last Remnant

Players

squirtle

  • Race: Zerg Zerg
  • Spawn Location: 6:00

BIGDOG

  • Race: Protoss Protoss
  • Spawn Location: 6:00

JaySlays

  • Race: Zerg Zerg
  • Spawn Location: 7:00

Wolf

  • Race: Terran Terran
  • League: Diamond
  • Spawn Location: 9:00

MyLiTtLePwNy

  • Race: Protoss Protoss
  • League: Master
  • Spawn Location: 12:00

Dragon

  • Race: Terran Terran
  • Spawn Location: 1:00

UjiTime

  • Race: Protoss Protoss
  • League: Master
  • Spawn Location: 12:00

SeoGuN

  • Race: Terran Terran
  • League: Diamond
  • Spawn Location: 3:00

VOD

Have the link to the VOD?

Description

Time

  • Played on: April 15, 2018, 8:56 p.m.
  • Length: 8:48
Show
View Real Time Build Order
Export as new Build Order

squirtle Zerg 

Build Orders: Hatch First 

Get SALT Encoding   

  12  0:04  Drone  
  13  0:11  Drone  
  14  0:23  Extractor  
  14  0:24  Drone  
  15  0:43  Hatchery  
  14  0:59  Extractor, Drone  
  14  1:03  Spawning Pool  
  13  1:15  Drone  
  14  1:21  Overlord  
  14  1:39  Drone x2  
  16  1:42  Drone  
  17  1:50  Drone  
  18  1:58  Queen  
  20  2:03  Metabolic Boost  
  20  2:08  Queen  
  22  2:13  Zergling x2  
  23  2:19  Zergling x4  
  23  2:21  Zergling x2  
  26  2:25  Zergling x2  
  26  2:27  Zergling x2  
  28  2:33  Overlord  
  28  2:43  Overlord  
  28  2:56  Zergling x4  
  28  2:57  Zergling x4  
  32  3:08  Zergling x4  
  34  3:21  Zergling x10  
  34  3:25  Zergling x2  
  38  3:59  Zergling x10  
  38  4:00  Zergling x2  
  40  4:06  Zergling x6  
  40  4:07  Zergling x2  
  43  4:12  Zergling x2  
  44  4:23  Overlord  
  41  4:43  Zergling x8  
  44  4:51  Zergling x2  
  44  4:52  Zergling x2  
  37  5:04  Drone x2  
  37  5:08  Drone  
  37  5:11  Drone  
  37  5:13  Roach Warren  
  38  5:15  Extractor, Drone  
  38  5:23  Drone  
  29  5:59  Drone x4  
  29  6:00  Drone x5  
  35  6:05  Extractor  
  35  6:09  Roach x5  
  44  6:11  Overlord  
  44  6:25  Overlord  
  44  6:32  Roach x3  
  50  6:36  Lair  
  50  6:41  Drone x2  
  50  6:42  Overlord  
  50  6:43  Extractor  
  50  6:44  Roach  
  50  6:46  Roach  
  55  6:51  Roach x2  
  55  6:52  Overlord  
  59  7:06  Roach  
  59  7:07  Roach x3  
  59  7:08  Overlord  
  67  7:26  Roach  
  67  7:27  Roach x5  
  79  7:32  Roach  
  79  7:36  Roach  
  73  7:41  Roach  
  74  7:47  Roach  
  68  7:53  Roach  
  60  7:59  Roach  
  58  8:06  Roach  
  58  8:08  Roach  
  58  8:11  Roach  
  56  8:19  Roach  
  47  8:24  Roach  
Show
View Real Time Build Order
Export as new Build Order

BIGDOG Protoss 

Build Orders: Nexus First 

Get SALT Encoding   

  12  0:02  Probe (Chrono Boost)  
  13  0:11  Probe (Chrono Boost)  
  14  0:16  Probe (Chrono Boost)  
  15  1:05  Nexus  
  15  1:16  Pylon  
  15  1:18  Pylon  
  15  1:21  Assimilator  
  15  1:25  Assimilator  
  15  1:40  Assimilator  
  15  1:43  Assimilator  
  15  2:01  Gateway  
  15  2:06  Probe  
  16  2:18  Probe  
  17  2:30  Probe  
  18  2:42  Probe  
  19  2:50  Cybernetics Core  
  19  2:54  Pylon, Probe  
  19  2:56  Pylon  
  20  2:59  Probe  
  21  3:07  Probe  
  22  3:14  Probe  
  22  3:19  Probe  
  24  3:31  Probe, Stargate  
  25  3:39  Stargate  
  25  3:45  Stargate  
  26  3:48  Probe  
  26  4:02  Probe (Chrono Boost)  
  28  4:04  Probe (Chrono Boost)  
  28  4:13  Probe (Chrono Boost)  
  28  4:15  Probe (Chrono Boost)  
  30  4:17  Probe (Chrono Boost)  
  30  4:21  Phoenix (Chrono Boost)  
  30  4:23  Phoenix (Chrono Boost)  
  35  4:24  Probe  
  35  4:29  Probe (Chrono Boost)  
  39  4:34  Phoenix (Chrono Boost)  
  39  4:37  Probe (Chrono Boost)  
  41  4:47  Probe (Chrono Boost)  
  41  4:52  Probe (Chrono Boost)  
  41  4:54  Phoenix  
  41  4:55  Phoenix  
  41  4:57  Phoenix  
  48  5:01  Protoss Air Weapons Level 1  
  48  5:03  Probe  
  49  5:15  Forge  
  49  5:16  Pylon  
  49  5:20  Stargate  
  49  5:47  Nexus  
  49  5:49  Protoss Shields Level 1  
  49  5:50  Assimilator  
  49  5:54  Assimilator  
  49  5:58  Fleet Beacon  
  49  6:05  Twilight Council  
  49  6:06  Pylon  
  49  6:10  Pylon  
  49  6:15  Pylon  
  49  6:20  Pylon  
  49  6:24  Probe  
  50  6:30  Probe  
  51  6:37  Probe  
  52  6:42  Probe, Anion Pulse-Crystals  
  53  6:49  Probe  
  53  6:54  Probe  
  55  7:01  Probe  
  56  7:06  Probe  
  51  7:57  Void Ray (Chrono Boost)  
  51  7:58  Void Ray x2 (Chrono Boost)  
  49  8:02  Void Ray (Chrono Boost)  
Show
View Real Time Build Order
Export as new Build Order

JaySlays Zerg 

Build Orders: Hatch First 

Get SALT Encoding   

  12  0:01  Drone  
  13  0:12  Overlord  
  13  0:18  Drone  
  14  0:46  Hatchery  
  14  0:48  Drone  
  14  0:51  Drone  
  14  0:56  Drone  
  16  1:01  Extractor  
  15  1:16  Spawning Pool  
  14  1:18  Drone  
  14  1:22  Drone  
  16  1:32  Drone x2  
  18  1:47  Drone  
  19  1:55  Drone  
  19  2:00  Drone  
  21  2:06  Drone  
  22  2:16  Metabolic Boost  
  22  2:19  Zergling x4  
  24  2:25  Drone, Queen  
  27  2:32  Overlord  
  27  2:48  Drone  
  27  2:50  Queen  
  27  2:51  Drone x2  
  32  2:55  Extractor  
  31  3:02  Lair  
  32  3:05  Drone x2  
  32  3:06  Drone x2  
  32  3:11  Drone  
  36  3:22  Overlord x2  
  36  3:44  Evolution Chamber  
  36  3:46  Evolution Chamber  
  34  3:53  Drone x5  
  39  4:04  Zergling x14  
  46  4:14  Spore Crawler  
  46  4:16  Spore Crawler  
  44  4:20  Hydralisk Den  
  44  4:23  Zerg Missile Weapons Level 1  
  43  4:24  Zerg Ground Armor Level 1  
  43  4:33  Drone x3  
  46  4:46  Infestation Pit  
  46  4:48  Drone  
  46  4:49  Drone x4  
  50  5:00  Extractor  
  50  5:01  Extractor  
  50  5:05  Drone x4  
  50  5:06  Overlord  
  50  5:07  Overlord  
  52  5:17  Hatchery  
  51  5:25  Hive  
  51  5:31  Evolution Chamber  
  50  5:48  Spire  
  49  5:54  Zergling x2  
  49  5:55  Zergling x8  
  54  6:05  Drone x4  
  54  6:08  Zerg Melee Weapons Level 1  
  58  6:21  Drone x2  
  58  6:22  Drone x4  
  64  6:38  Pneumatized Carapace  
  64  6:49  Ultralisk Cavern  
  64  6:53  Drone  
  64  6:54  Drone x8  
  61  7:22  Spore Crawler  
  60  7:25  Drone x3, Spine Crawler  
  60  7:26  Drone  
  60  7:27  Queen  
  65  7:35  Greater Spire  
  65  7:37  Ultralisk  
  65  7:41  Overlord x3  
  67  7:58  Spine Crawler  
  65  7:59  Spine Crawler  
  65  8:03  Ultralisk x2  
  65  8:04  Spine Crawler  
  75  8:06  Swarm Host  
Show
View Real Time Build Order
Export as new Build Order

Wolf Terran 

Build Orders: Reaper Expand, MMM Bio 

Get SALT Encoding   

  12  0:01  SCV  
  13  0:13  SCV  
  14  0:25  Supply Depot, SCV  
  15  0:30  Refinery  
  15  0:48  Barracks  
  16  0:55  SCV  
  16  1:07  SCV  
  17  1:19  SCV  
  19  1:35  Orbital Command  
  19  1:37  Reaper  
  19  1:53  Command Center  
  19  1:59  Barracks  
  19  2:03  SCV  
  20  2:14  Barracks Reactor  
  20  2:33  SCV  
  21  2:40  Refinery  
  21  2:41  Supply Depot, Factory  
  21  2:47  SCV  
  21  2:48  Barracks Reactor  
  21  2:49  Barracks Tech Lab  
  21  2:50  Marine  
  23  3:02  Marine, SCV  
  26  3:07  Orbital Command  
  26  3:11  Stimpack  
  25  3:14  SCV  
  26  3:26  SCV  
  26  3:35  Marine  
  26  3:36  Marine  
  26  3:38  Marine  
  25  3:58  Marine x3  
  25  4:00  SCV  
  25  4:01  SCV  
  30  4:10  Starport  
  30  4:12  SCV  
  30  4:13  Factory Reactor, SCV  
  30  4:16  Marine x2  
  34  4:25  SCV x2  
  36  4:37  SCV  
  37  4:38  SCV  
  37  4:42  Marine x3  
  41  4:45  Supply Depot  
  41  4:49  SCV  
  42  4:53  Engineering Bay  
  42  4:55  Engineering Bay  
  42  4:58  SCV  
  43  5:00  Marine x3  
  46  5:07  Medivac x2, SCV  
  46  5:10  SCV, Factory Tech Lab  
  52  5:15  Combat Shields  
  52  5:19  SCV  
  52  5:20  Terran Infantry Weapons Level 1  
  53  5:22  SCV  
  53  5:24  Terran Infantry Armor Level 1  
  53  5:25  Factory Tech Lab  
  54  5:29  Supply Depot  
  54  5:34  Supply Depot  
  54  5:45  Missile Turret  
  54  5:50  SCV x2  
  54  5:51  Missile Turret  
  56  5:57  Marine x3  
  56  5:58  Medivac  
  56  5:59  Medivac  
  63  6:05  SCV, Refinery  
  63  6:06  SCV  
  63  6:08  Refinery  
  65  6:15  Siege Tank  
  65  6:16  Marine x2  
  70  6:24  Supply Depot  
  70  6:27  Supply Depot  
  70  6:45  Marine x3, SCV x2  
  75  6:47  Supply Depot, Siege Tank  
  75  6:54  Concussive Shells  
  78  6:57  SCV  
  79  7:03  Marine  
  75  7:38  Marine  
  75  7:39  Marine  
  75  7:41  Siege Tank  
  48  8:05  Barracks x2  
Show
View Real Time Build Order
Export as new Build Order

MyLiTtLePwNy Protoss 

Build Orders: Zealot Archon 

Get SALT Encoding   

  12  0:01  Probe  
  14  0:14  Probe  
  14  0:19  Pylon  
  14  0:29  Probe  
  15  0:45  Probe (Chrono Boost)  
  15  0:49  Gateway  
  17  0:57  Probe (Chrono Boost)  
  17  1:02  Probe (Chrono Boost)  
  18  1:11  Probe  
  19  1:23  Probe  
  20  1:27  Assimilator  
  20  1:32  Assimilator  
  20  1:35  Probe  
  21  1:40  Pylon  
  21  1:48  Probe  
  21  1:50  Cybernetics Core  
  22  2:00  Probe  
  23  2:12  Probe  
  23  2:14  Gateway  
  24  2:18  Gateway  
  24  2:24  Probe  
  24  2:25  Sentry (Chrono Boost)  
  27  2:36  Probe  
  28  2:41  Warp Gate  
  28  2:43  Adept  
  28  2:44  Pylon  
  28  2:48  Probe  
  30  3:00  Probe  
  30  3:02  Sentry  
  30  3:04  Pylon  
  33  3:05  Adept  
  33  3:10  Pylon, Adept  
  33  3:12  Probe  
  38  3:24  Probe  
  39  3:35  Adept (Chrono Boost)  
  39  3:36  Probe  
  39  3:40  Pylon  
  46  3:42  Adept x2 (Chrono Boost)  
  46  3:49  Probe  
  43  4:08  Probe  
  40  4:12  Adept x2 (Chrono Boost)  
  44  4:21  Adept (Chrono Boost)  
  45  4:38  Probe  
  45  4:43  Nexus  
  45  4:50  Probe  
  46  4:57  Twilight Council  
  46  5:04  Adept x2  
  50  5:10  Pylon  
  51  5:14  Probe  
  51  5:26  Probe  
  52  5:38  Probe  
  53  5:48  Shield Battery  
  53  5:50  Probe  
  53  5:55  Resonating Glaives  
  54  6:00  Adept x3  
  54  6:02  Probe (Chrono Boost)  
  62  6:08  Probe (Chrono Boost), Forge  
  63  6:11  Probe (Chrono Boost)  
  63  6:12  Templar Archives  
  63  6:15  Probe (Chrono Boost)  
  63  6:16  Probe (Chrono Boost)  
  65  6:21  Assimilator  
  65  6:25  Assimilator  
  65  6:26  Probe  
  65  6:28  Probe  
  67  6:36  Gateway  
  67  6:37  Gateway  
  67  6:38  Gateway  
  67  6:39  Probe  
  68  6:40  Protoss Ground Weapons Level 1 (Chrono Boost)  
  68  6:42  Gateway  
  68  6:49  Adept x2  
  68  6:52  Adept  
  74  7:11  High Templar x2  
  74  7:12  Probe x2  
  80  7:16  Pylon  
  80  7:18  Pylon  
  80  7:28  Archon  
  80  7:34  Probe x2  
  72  8:11  Adept x2  
  76  8:17  Gateway x2  
  76  8:21  Gateway  
  76  8:25  High Templar x4  
  84  8:37  Archon x2  
  84  8:39  Adept x2  
Show
View Real Time Build Order
Export as new Build Order

Dragon Terran 

Build Orders: Command Center First (CC) 

Get SALT Encoding   

  12  0:01  SCV  
  13  0:13  SCV  
  14  0:19  Supply Depot  
  14  0:25  SCV  
  15  0:41  SCV  
  16  0:53  SCV  
  17  1:04  Command Center  
  17  1:05  SCV  
  18  1:17  SCV  
  19  1:29  SCV  
  20  1:37  Command Center  
  20  1:41  SCV  
  21  1:47  Supply Depot  
  21  1:53  SCV  
  22  2:00  Barracks  
  22  2:05  SCV  
  23  2:10  Refinery  
  23  2:16  SCV  
  23  2:18  SCV  
  25  2:23  Refinery  
  25  2:28  SCV  
  26  2:30  SCV  
  26  2:34  Refinery  
  27  2:40  SCV  
  27  2:42  SCV  
  29  2:49  Orbital Command  
  29  2:52  Orbital Command  
  29  2:58  Orbital Command  
  29  3:06  Factory  
  29  3:17  SCV  
  29  3:19  SCV  
  31  3:23  SCV  
  32  3:28  Barracks Reactor  
  32  3:29  Factory  
  32  3:31  Factory, SCV  
  32  3:33  SCV  
  34  3:36  SCV  
  35  3:43  SCV  
  35  3:46  SCV  
  35  3:48  SCV  
  38  3:53  Armory  
  38  3:55  Factory, SCV  
  39  3:58  Supply Depot, SCV  
  39  3:59  Supply Depot  
  39  4:00  SCV  
  41  4:08  Hellion x2  
  45  4:10  SCV  
  45  4:14  Factory  
  46  4:17  Factory Reactor  
  46  4:18  SCV, Factory Tech Lab  
  46  4:19  SCV  
  46  4:22  SCV  
  49  4:25  Supply Depot  
  49  4:29  Hellion  
  49  4:30  Hellion, SCV  
  54  4:31  Supply Depot, SCV  
  54  4:32  Supply Depot  
  54  4:36  SCV  
  54  4:38  Hellion  
  58  4:40  Terran Vehicle And Ship Armor Level 1  
  58  4:41  Factory Reactor  
  58  4:42  SCV  
  58  4:43  SCV  
  60  4:48  SCV  
  60  4:51  Hellion  
  62  4:54  SCV  
  62  4:56  SCV  
  62  4:58  Hellion  
  62  4:59  Hellion x2  
  68  5:00  Hellion, Infernal Pre-Igniter  
  68  5:01  Factory Reactor  
  68  5:05  Supply Depot x3  
  68  5:06  Supply Depot, SCV  
  70  5:08  SCV  
  70  5:09  Refinery  
  70  5:12  Hellion  
  72  5:15  Factory  
  72  5:17  Hellion  
  72  5:19  Hellion  
  72  5:20  Hellion x3  
  82  5:28  SCV  
  83  5:29  SCV  
  83  5:30  Hellion  
  83  5:33  SCV  
  83  5:34  Hellion  
  89  5:36  Supply Depot  
  89  5:37  Hellion x2  
  89  5:39  Hellion  
  89  5:40  Hellion  
  89  5:41  Hellion  
  101  5:42  Hellion  
  101  5:43  Factory  
  101  5:47  Hellion  
  103  5:51  Hellion  
  103  5:55  Hellion  
  107  5:58  Hellion  
  107  5:59  Hellion  
  107  6:01  Hellion x2  
  107  6:02  Factory Reactor  
  107  6:03  Hellion, SCV  
  107  6:04  Hellion, SCV  
  121  6:10  Hellion  
  123  6:13  Hellion  
  123  6:15  Supply Depot  
  123  6:16  Supply Depot, Hellion  
  127  6:18  Supply Depot  
  127  6:19  Refinery  
  127  6:20  Hellion, Refinery  
  127  6:22  Hellion  
  135  6:26  Hellion, Supply Depot  
  135  6:27  Supply Depot, Hellion  
  135  6:29  Factory Reactor  
  137  6:33  Hellion  
  137  6:34  Supply Depot x2  
  137  6:38  Hellion  
  137  6:39  Hellion  
  143  6:40  Hellion  
  143  6:46  Hellion x3  
  149  6:47  Hellion  
  149  6:49  Hellion  
  149  6:53  Hellion x2  
  157  6:58  Hellion  
  157  6:59  Hellion  
  157  7:00  Hellion  
  163  7:02  Hellion  
  163  7:07  Hellion  
  163  7:08  Hellion, Supply Depot  
  169  7:13  Hellion  
  169  7:14  Hellion x2  
  175  7:20  Hellion x3  
  175  7:21  Hellion  
  185  7:22  Hellion  
  185  7:29  Hellion x2  
  180  7:33  Hellion  
  180  7:34  Hellion x2  
  180  7:35  Hellion  
  176  7:38  Hellion  
  176  7:40  Hellion  
  176  7:42  Hellion  
  176  7:43  Hellion  
  162  7:47  Hellion  
  162  7:48  Hellion  
  162  7:50  Hellion  
  154  7:54  Hellion x2  
  154  7:56  Hellion  
  154  7:57  Hellion  
  140  7:59  Hellion  
  140  8:01  Hellion  
  140  8:03  Hellion  
  140  8:04  Hellion  
  134  8:09  Hellion  
  132  8:14  Hellion x2  
  132  8:16  Hellion  
  132  8:18  Hellion x2  
  130  8:22  Hellion x3  
  130  8:26  Hellion  
  134  8:27  Hellion  
Show
View Real Time Build Order
Export as new Build Order

UjiTime Protoss 

Build Orders: Oracle Opening 

Get SALT Encoding   

  12  0:00  Probe  
  13  0:14  Pylon  
  13  0:18  Probe  
  14  0:30  Probe (Chrono Boost)  
  14  0:34  Gateway  
  15  0:43  Probe (Chrono Boost)  
  15  0:44  Assimilator  
  16  0:52  Probe (Chrono Boost)  
  16  0:53  Assimilator  
  17  0:57  Probe  
  18  1:09  Probe (Chrono Boost)  
  19  1:21  Probe (Chrono Boost)  
  20  1:26  Cybernetics Core  
  20  1:28  Probe (Chrono Boost)  
  21  1:35  Probe  
  22  1:45  Pylon  
  22  2:02  Protoss Air Weapons Level 1 (Chrono Boost)  
  22  2:04  Stargate  
  22  2:19  Nexus  
  22  2:21  Probe  
  23  2:29  Adept  
  25  2:48  Oracle  
  28  3:20  Probe  
  29  3:32  Probe, Oracle  
  33  3:35  Probe  
  34  3:45  Probe  
  34  3:47  Probe  
  36  3:57  Probe  
  36  3:59  Probe  
  38  4:09  Probe (Chrono Boost), Phoenix, Assimilator  
  41  4:10  Assimilator  
  41  4:11  Stargate  
  41  4:12  Probe (Chrono Boost)  
  42  4:21  Probe (Chrono Boost)  
  42  4:22  Stargate  
  44  4:29  Probe x2 (Chrono Boost)  
  45  4:35  Probe  
  46  4:41  Pylon x2  
  46  4:56  Pylon  
  46  4:57  Pylon  
  46  4:59  Probe x2  
  48  5:06  Phoenix x2  
  52  5:11  Probe x2 (Chrono Boost)  
  54  5:23  Probe x2 (Chrono Boost)  
  54  5:27  Nexus  
  56  5:28  Probe (Chrono Boost)  
  56  5:29  Probe (Chrono Boost)  
  46  5:52  Probe x2  
  48  6:04  Probe x2  
  48  6:07  Phoenix  
  48  6:08  Phoenix  
  54  6:16  Probe (Chrono Boost)  
  54  6:17  Probe (Chrono Boost)  
  56  6:25  Pylon  
  56  6:27  Pylon  
  56  6:28  Probe (Chrono Boost)  
  56  6:29  Probe (Chrono Boost)  
  58  6:37  Probe x2 (Chrono Boost)  
  60  6:41  Phoenix x3  
  60  6:43  Probe  
  60  6:45  Probe  
  68  6:49  Probe  
  69  6:55  Probe  
  69  6:57  Probe  
  69  7:01  Probe  
  72  7:05  Phoenix  
  72  7:10  Phoenix  
  72  7:20  Fleet Beacon  
  66  7:34  Probe x2  
  66  7:36  Assimilator  
  65  7:42  Assimilator, Stargate  
  65  7:43  Stargate  
  65  7:44  Phoenix  
  65  7:45  Phoenix x2  
  69  8:11  Phoenix x3  
  75  8:32  Probe x3 (Chrono Boost)  
Show
View Real Time Build Order
Export as new Build Order

SeoGuN Terran 

Build Orders: Reaper Expand, MMM Bio 

Get SALT Encoding   

  12  0:02  SCV  
  13  0:14  SCV  
  13  0:21  Supply Depot  
  14  0:27  SCV  
  15  0:37  Refinery  
  15  0:47  Barracks, SCV  
  16  1:00  SCV  
  17  1:12  SCV  
  18  1:24  SCV  
  19  1:34  Reaper  
  19  1:37  Orbital Command  
  20  1:52  Command Center  
  20  2:00  Supply Depot  
  20  2:03  SCV  
  21  2:13  Barracks Tech Lab  
  21  2:16  Barracks  
  21  2:18  SCV  
  22  2:34  SCV  
  22  2:36  Stimpack, Refinery  
  23  2:37  Marine  
  24  2:44  Supply Depot  
  24  2:54  SCV  
  24  2:57  Marine, Barracks  
  26  3:06  Barracks Reactor  
  26  3:09  Orbital Command  
  26  3:23  Marine  
  27  3:41  Marine  
  27  3:42  Marine x2  
  27  3:47  Marine  
  31  3:59  Marine  
  31  4:00  Marine x2  
  34  4:07  Barracks Reactor  
  34  4:09  SCV x2  
  35  4:11  Factory  
  35  4:13  Engineering Bay  
  35  4:16  Marine  
  36  4:17  Marine  
  36  4:21  SCV  
  38  4:25  Marine  
  39  4:34  Marine  
  39  4:35  Marine  
  41  4:40  Combat Shields  
  41  4:42  Bunker, Missile Turret  
  41  4:43  Marine  
  42  4:46  Orbital Command  
  42  4:52  Marine  
  41  4:53  Marine x3  
  33  5:01  Marine  
  33  5:05  Factory Reactor  
  33  5:09  Starport  
  33  5:10  Marine  
  33  5:11  Marine  
  35  5:14  Barracks  
  35  5:16  Barracks  
  35  5:18  Orbital Command  
  35  5:21  Marine x2  
  36  5:22  Marine  
  38  5:39  Marine x2  
  38  5:41  Bunker  
  40  5:55  Medivac x2  
  44  5:58  SCV  
  44  6:02  Marine x2  
  44  6:03  Marine  
  48  6:11  Supply Depot  
  48  6:16  SCV x2  
  50  6:19  Missile Turret  
  50  6:23  Supply Depot  
  50  6:24  Supply Depot  
  50  6:28  Barracks Reactor, SCV  
  50  6:31  Medivac  
  53  6:33  Barracks Reactor  
  53  6:37  Marine x3  
  53  6:39  SCV  
  57  6:40  SCV  
  58  6:47  Supply Depot  
  58  6:51  SCV  
  59  6:56  Marine x5  
  64  7:14  Marine  
  48  7:20  Marine x5  
  48  7:21  Marine x3  
  50  7:28  Supply Depot x2  
  50  7:32  Marine  
  51  7:38  Marine x6  
  51  7:39  Marine  
  58  7:49  Marine x2  
  60  7:56  Marine x7  
  66  8:07  Marine x2  
  66  8:09  SCV x2  
  70  8:13  Marine  
  70  8:14  Refinery  
  70  8:16  Refinery  
  71  8:21  SCV x2  
  71  8:26  Barracks  
  72  8:29  Barracks  
Tags
 
Add a new tag
Caveats
  • Supply blocks, unpowered buildings, or Contaminate may cause inaccurate times.
  • Supply counts are checked every 10 seconds.